 Dungeon Sprint DCSS version 0.20-a0-11-ga97c7b5 (webtiles) character file.

1008 poirepourri the Blocker (level 8, -13/57 HPs)
             Began as a Gargoyle Fighter on Nov 2, 2016.
             Was an Initiate of Cheibriados.
             Mangled by a deep troll (14 damage)
             ... in the Dungeon (Sprint I: "Red Sonja").
             The game lasted 00:01:40 (893 turns).

poirepourri the Blocker (Gargoyle Fighter)           Turns: 893, Time: 00:01:40

Health: -13/57     AC: 13    Str: 21    XL:     8   Next: 20%
Magic:  8/8        EV: 10    Int: 11    God:    Cheibriados [......]
Gold:   304        SH: 12    Dex: 11    Spells: 0 memorised, 7 levels left

rFire  . . .     SeeInvis .     a - +0 flail
rCold  . . .     Gourm    .     b - +0 scale mail
rNeg   + . .     Faith    .     c - +0 shield
rPois  ∞         Spirit   .     (no helmet)
rElec  +         Reflect  .     (no cloak)
rCorr  .         Harm     .     (no gloves)
MR     .....     NoTele   +     (no boots)
Stlth  ..........               (no amulet)
                                (no ring)
                                (no ring)

@: very slow
A: negative energy resistance 1, electricity resistance, unbreathing,
petrification resistance, rot immunity, AC +5
a: Bend Time, Renounce Religion


You were in the Dungeon.
You worshipped Cheibriados.
Cheibriados was noncommittal.
You were not hungry.

You visited 1 branch You collected 414 gold pieces.
You spent 110 gold pieces at shops.

Inventory:

Hand Weapons
 a - a +0 flail (weapon)
Armour
 b - a +0 scale mail (worn)
 c - a +0 shield (worn)
Scrolls
 k - a scroll of blinking
Potions
 e - a potion of curing
 h - a potion of haste
 i - 2 potions of magic
Comestibles
 f - a bread ration


   Skills:
 + Level 9.7 Fighting
 + Level 9.6 Maces & Flails
 + Level 9.2 Armour
 + Level 2.2 Dodging
 + Level 10.3 Shields


You had 7 spell levels left.
You didn't know any spells.

Dungeon Overview and Level Annotations

Branches:
Dungeon (1/1)

Altars:
Cheibriados
Dithmenos
Elyvilon
Fedhas
Gozag
Hepliaklqana
Kikubaaqudgha
Nemelex Xobeh
Okawaru
Qazlal
Ru
Sif Muna
Trog
Uskayaw
Vehumet
Yredelemnul
Zin
The Shining One

Shops:
D *


Innate Abilities, Weirdness & Mutations

You are resistant to torment.
Your stone body is resilient. (AC +5)
You are immune to poison.
You resist negative energy. (rN+)
You are resistant to electric shocks. (rElec)
You can survive without breathing.
You are immune to petrification.
You are immune to rotting.


Message History

You feel much better. The deep troll bites you!
You block the deep troll's attack. x2
You sock the deep troll!
The deep troll is moderately wounded.
The deep troll bites you but does no damage.
The deep troll claws you! You block the deep troll's attack.
You hit the deep troll.
The deep troll is moderately wounded.
The deep troll bites you!
The deep troll claws you but does no damage. x2
You sock the deep troll!
The deep troll is heavily wounded.
The deep troll bites you!!
* * * LOW HITPOINT WARNING * * *
The deep troll barely misses you.
The deep troll claws you but does no damage.
You sock the deep troll!
The deep troll is severely wounded.
The deep troll bites you!
You die...

#..#####'#####'#
#..####..#...#.#
#..#__####..##(#
#..#_____##'#(.+
#⌠⌠#_.∩..)'(.(_#
####_..__##_.#'#
#_____###(#)#
#########(####+###
+...@T$.$$+
#...####### ##.##
#+#


You could see a deep troll.

Vanquished Creatures
  Sonja (D)
  A yak (D)
  Sigmund (D)
  An ogre (D)
  A jelly (D)
  Ijyb (D)
6 creatures vanquished.

Notes
Turn   | Place    | Note
-------+----------+-------------------------------------------
     0 | D        | poirepourri the Gargoyle Fighter began the quest for the Orb.
     0 | D        | Reached XP level 1. HP: 14/14 MP: 1/1
     2 | D        | Noticed Ijyb
    23 | D        | Killed Ijyb
    23 | D        | Reached skill level 4 in Shields
    23 | D        | Reached XP level 2. HP: 17/20 MP: 2/2
    23 | D        | Reached XP level 3. HP: 20/24 MP: 3/3
   142 | D        | Noticed an ogre
   146 | D        | Killed an ogre
   146 | D        | Reached skill level 6 in Shields
   146 | D        | Reached XP level 4. HP: 32/32 MP: 4/4
   189 | D        | Noticed Sigmund
   198 | D        | Killed Sigmund
   198 | D        | Reached skill level 5 in Maces & Flails
   198 | D        | Reached skill level 7 in Shields
   198 | D        | Reached XP level 5. HP: 32/39 MP: 5/5
   198 | D        | Reached XP level 6. HP: 36/44 MP: 6/6
   259 | D        | Found a deep blue altar of Sif Muna.
   264 | D        | Found a radiant altar of Vehumet.
   270 | D        | Reached skill level 8 in Shields
   379 | D        | Found Lileu's General Store.
   379 | D        | Found an ancient bone altar of Kikubaaqudgha.
   379 | D        | Found a hazy altar of Hepliaklqana.
   379 | D        | Found a stormy altar of Qazlal.
   379 | D        | Found a hide-covered altar of Uskayaw.
   379 | D        | Found a blossoming altar of Fedhas.
   379 | D        | Found a bloodstained altar of Trog.
   379 | D        | Found an iron altar of Okawaru.
   379 | D        | Found a basalt altar of Yredelemnul.
   379 | D        | Found a glowing golden altar of the Shining One.
   379 | D        | Found a snail-covered altar of Cheibriados.
   379 | D        | Found a sacrificial altar of Ru.
   379 | D        | Found a glowing silver altar of Zin.
   379 | D        | Found a shadowy altar of Dithmenos.
   379 | D        | Found a white marble altar of Elyvilon.
   379 | D        | Noticed a yak
   396 | D        | Killed a yak
   396 | D        | Reached XP level 7. HP: 18/50 MP: 7/7
   619 | D        | Found an opulent altar of Gozag.
   620 | D        | Found a sparkling altar of Nemelex Xobeh.
   626 | D        | Became a worshipper of Cheibriados the Contemplative
   629 | D        | Bought a potion of heal wounds for 55 gold pieces
   629 | D        | Bought a potion of heal wounds for 55 gold pieces
   638 | D        | Noticed Sonja
   673 | D        | Killed Sonja
   673 | D        | Reached skill level 10 in Shields
   673 | D        | Reached XP level 8. HP: 29/57 MP: 8/8
   876 | D        | Noticed a deep troll
   892 | D        | HP: 1/57 [deep troll (20)]
   893 | D        | Mangled by a deep troll

Vault maps used:
D:        dungeon_sprint_1

Skill      XL: |  1  2  3  4  5  6  7 |
---------------+----------------------+-----
Fighting       | 4 6 7 8 9 |  9.7
Armour         | 4 6 7 8 9 |  9.2
Shields        | 4 6 7 8 10 | 10.3
Maces & Flails | 3 5 7 9 |  9.6
Dodging        | 2 |  2.2

Action                   |  1- 3 |  4- 6 |  7- 9 || total
-------------------------+-------+-------+-------++-------
Melee: Flail             |    23 |    30 |    32 ||    85
  Use: Potion            |     1 |       |     4 ||     5
       Scroll            |       |       |     1 ||     1
Armor: Scale mail        |     5 |     8 |    45 ||    58
Dodge: Dodged            |     8 |     6 |    20 ||    34
Block: Shield            |    14 |    10 |    34 ||    58
